 Dungeon Crawl Stone Soup version 0.20.1-1-g8b1a95d (webtiles) character file.

70 zultag the Purveyor of Pain (level 4, -4/30 (34) HPs)
             Began as a Ghoul Necromancer on Sept 15, 2017.
             Was an Initiate of Kikubaaqudgha.
             Killed from afar by an orc wizard (8 damage)
             ... with a puff of flame
             ... on level 3 of the Dungeon.
             The game lasted 00:59:39 (2487 turns).

zultag the Purveyor of Pain (Ghoul Necromancer)     Turns: 2487, Time: 00:59:39

HP:   -4/30 (34)    AC:  2    Str: 11    XL:     4   Next: 21%
MP:   1/6           EV: 12    Int: 11    God:    Kikubaaqudgha [......]
Gold: 129           SH:  0    Dex:  9    Spells: 2/7 levels left

rFire    . . .     SeeInvis .   w - +0 club
rCold    + . .     Gourm    .   (no shield)
rNeg     + + +     Faith    .   a - +0 robe
rPois    ∞         Spirit   .   (no helmet)
rElec    .         Reflect  .   (no cloak)
rCorr    .         Harm     .   (no gloves)
MR       .....                  (no boots)
Stlth    ++........             (no amulet)
Regen    0.0/turn               (no ring)
MPRegen  0.1/turn               (no ring)

@: very slightly contaminated, rotting
A: rotting body, claws 1, carnivore 3, cold resistance 1, negative energy
resistance 3, inhibited regeneration, torment resistance, unbreathing
a: Renounce Religion


You were on level 3 of the Dungeon.
You worshipped Kikubaaqudgha.
Kikubaaqudgha was noncommittal.
You were not hungry.

You visited 1 branch of the dungeon, and saw 3 of its levels.

You collected 129 gold pieces.

Inventory:

Hand Weapons
 f - a +0 hand axe
 g - a +0 club
 l - a cursed +0 spear
 m - a +0 whip
 n - a +0 dagger
 w - a +0 club (weapon)
 x - a +0 dagger
 y - a +0 dagger
Missiles
 c - 59 stones
 d - 38 bolts
 h - 5 curare-tipped needles (quivered)
 t - 29 arrows
Armour
 a - a +0 robe (worn)
 e - a +0 leather armour
 j - a +0 robe
 q - a +0 robe
Scrolls
 i - 6 scrolls of identify
Potions
 r - a potion of resistance {unknown}
 z - a potion of mutation
Books
 b - a book of Necromancy

   Spells                             Type                      Level
   a - Pain                           Necromancy                   1
   b - Animate Skeleton               Necromancy                   1
   c - Vampiric Draining              Necromancy                   3
   d - Regeneration                   Charms/Necromancy            3
   e - Animate Dead                   Necromancy                   4
   f - Control Undead                 Necromancy                   4
 v - a book of Minor Magic

   Spells                             Type                      Level
   a - Magic Dart                     Conjuration                  1
   b - Blink                          Translocation                2
   c - Call Imp                       Summoning                    2
   d - Slow                           Hexes                        2
   e - Conjure Flame                  Conjuration/Fire             3
   f - Mephitic Cloud                 Conjuration/Poison/Air       3
Comestibles
 k - 7 fruits
 o - a meat ration


   Skills:
 + Level 0.4 Fighting
 + Level 0.5 Maces & Flails
 + Level 2.0 Dodging
 + Level 2.1 Stealth
 + Level 0.7 Unarmed Combat
 + Level 2.4 Spellcasting
 + Level 4.8 Necromancy


You had 2 spell levels left.
You knew the following spells:

 Your Spells              Type           Power        Failure   Level  Hunger
a - Pain                  Necr           ##..         3%          1    ##.....
b - Animate Skeleton      Necr           N/A          3%          1    ##.....
c - Vampiric Draining     Necr           ##........   12%         3    ####...


Dungeon Overview and Level Annotations

Branches:
Dungeon (3/15)

Altars:
Ashenzari
Kikubaaqudgha
Makhleb
Vehumet
Zin

Shops:
D:2 *


Innate Abilities, Weirdness & Mutations

Your body is rotting away.
You thrive on raw meat.
You are immune to poison.
You have sharp fingernails.
You are carnivorous and can eat meat at any time.
Your flesh is cold resistant. (rC+)
You are immune to negative energy. (rN+++)
You do not regenerate when monsters are visible.
You are immune to unholy pain and torment.
You can survive without breathing.


Message History

The orc priest is severely wounded.
The worm bites you!
* * * LOW HITPOINT WARNING * * *
The orc priest misses you.
Casting: Vampiric Draining
Confirm with . or Enter, or press ? or * to list all spells.
Okay, then.
Blink to where?
Press: ? - help, Dir - move target cursor, p - orc priest You are very lightly contaminated with residual magic.
As you read the scroll labeled BALLAB DUFFUI, it crumbles to dust.
It was a scroll of blinking.
The orc wizard closely misses you. The orc priest misses you.
The orc wizard hits you with a dagger.
* * * LOW HITPOINT WARNING * * *
You eat one of the 2 meat rations.
That meat ration really hit the spot!
The orc wizard gestures at you while chanting.
The puff of flame hits you!
You die...
Kikubaaqudgha rasps: "You have failed me!
Welcome... oblivion!"

#.###########.......
#.# ######## #.#.##
#. #.# #.# #. ## ..#
#. #.# #. #.# ### #w
#.# #.# #. #@# #.#>#
#. #o# ##.# #.##.
#o##o#######.#####.#.
#.§§§§§§w.§..((.###..
####§#######.##.##.#.
#§ ##.#......
#....... ##......
##.....


You could see an orc priest and an orc wizard.

Vanquished Creatures
  An adder (D:2)
  A gnoll (D:1)
  3 dart slugs
  A leopard gecko (D:2)
  An orc (D:3)
  A ball python (D:2)
  5 bats
  3 giant cockroaches
  5 goblins
  4 hobgoblins
  2 jackals (D:1)
  6 kobolds
  3 frilled lizards
  4 rats
  A withered plant (D:2)
41 creatures vanquished.

Vanquished Creatures (collateral kills)
  A hobgoblin (D:2)
  A goblin (D:1)
  2 rats (D:2)
4 creatures vanquished.

Grand Total: 45 creatures vanquished

Notes
Turn   | Place    | Note
-------+----------+-------------------------------------------
     0 | D:1      | zultag the Ghoul Necromancer began the quest for the Orb.
     0 | D:1      | Reached XP level 1. HP: 14/14 MP: 2/2
     5 | D:1      | Learned a level 1 spell: Animate Skeleton
   202 | D:1      | Reached XP level 2. HP: 19/19 MP: 3/3
   658 | D:1      | Reached XP level 3. HP: 17/25 MP: 2/5
   675 | D:1      | Found a shattered altar of Ashenzari.
   870 | D:1      | Learned a level 3 spell: Vampiric Draining
   904 | D:2      | Found a radiant altar of Vehumet.
   945 | D:2      | Found Zin's Purification Station.
   945 | D:2      | Found a glowing silver altar of Zin.
  1098 | D:2      | Learned a level 1 spell: Magic Dart
  1125 | D:2      | Found a burning altar of Makhleb.
  1272 | D:2      | Found an ancient bone altar of Kikubaaqudgha.
  1292 | D:2      | Became a worshipper of Kikubaaqudgha
  1895 | D:2      | Reached XP level 4. HP: 20/29 MP: 2/6
  2487 | D:3      | Killed from afar by an orc wizard

Skill      XL: |  1  2  3  4 |
---------------+-------------+-----
Spellcasting   | 2 |  2.4
Dodging        | 2 |  2.0
Fighting       | |  0.4
Maces & Flails | |  0.5
Stealth        | |  2.1
Unarmed Combat | |  0.7
Necromancy     | |  4.8

Action                   |  1- 3 |  4- 6 || total
-------------------------+-------+-------++-------
Melee: Unarmed           |    31 |       ||    31
       Club              |    12 |    21 ||    33
       Whip              |   131 |    18 ||   149
       Punch             |     1 |       ||     1
Throw: Stone             |    32 |     4 ||    36
 Cast: Pain              |    18 |     2 ||    20
       Animate Skeleton  |    11 |     3 ||    14
       Vampiric Draining |     2 |     4 ||     6
       Magic Dart        |     2 |     3 ||     5
  Use: Scroll            |     3 |     3 ||     6
       Potion            |     2 |       ||     2
  Eat: Meat ration       |     1 |     1 ||     2
       Chunk             |     6 |     2 ||     8
Armor: Robe              |    23 |    11 ||    34
Dodge: Dodged            |    76 |    37 ||   113
